 Dungeon Crawl Stone Soup version 0.28-a0-556-gab23d0e057 (webtiles) character file.

Game seed: 1778923095415372701

273 Armakuni the Skirmisher (level 6, -6/51 HPs)
             Began as a Human Monk on Sept 28, 2021.
             Mangled by a gnoll (14 damage)
             ... on level 4 of the Dungeon.
             The game lasted 00:07:21 (4283 turns).

Armakuni the Skirmisher (Human Monk)                Turns: 4283, Time: 00:07:22

Health: -6/51      AC:  6    Str: 13    XL:     6   Next: 48%
Magic:  6/6        EV: 11    Int: 10    God:
Gold:   162        SH:  5    Dex: 16    Spells: 5/5 levels left

rFire   . . .      SeeInvis .   a - +0 long sword
rCold   . . .      Faith    .   (no shield)
rNeg    + . .      Spirit   .   h - +0 ring mail
rPois   .          Reflect  +   e - +0 helmet
rElec   .          Harm     .   (no cloak)
rCorr   .          Rampage  .   (no gloves)
Will    .....                   (no boots)
Stlth   +.........              H - amulet of reflection
HPRegen 0.17/turn               N - ring of positive energy
MPRegen 0.10/turn               (no ring)

@: no status effects
A: no striking features
a: no special abilities


You were on level 4 of the Dungeon.
You visited 1 branch of the dungeon, and saw 4 of its levels.

You collected 162 gold pieces.

Inventory:

Hand Weapons
 a - a +0 long sword (weapon)
 b - a +0 hunting sling
 f - a +3 dagger of speed
Missiles
 c - 25 sling bullets
 i - 3 boomerangs (quivered)
Armour
 e - a +0 helmet (worn)
 h - a +0 ring mail (worn)
Jewellery
 H - an amulet of reflection (around neck)
 N - a ring of positive energy (left hand)
Scrolls
 k - a scroll of fear
 m - a scroll of identify
 n - a scroll of teleportation
Potions
 d - 4 potions of curing
 g - a potion of magic
 j - a potion of flight
 l - a potion of might
 o - a potion of haste


   Skills:
 + Level 5.2 Fighting
 + Level 5.2 Long Blades
 - Level 3.0 Dodging
 - Level 2.0 Stealth


You had 5 spell levels left.
You didn't know any spells.
Your spell library contained the following spells:

 Spells                   Type           Power      Damage    Failure   Level
 Gell's Gravitas          Tloc           0%         N/A       94%         3
 Inner Flame              Hex/Fire       0%         N/A       94%         3
 Lesser Beckoning         Tloc           0%         N/A       94%         3
 Teleport Other           Tloc           0%         N/A       94%         3
 Cause Fear               Hex            0%         N/A       100%        4
 Discord                  Hex            0%         N/A       100%        8


Dungeon Overview and Level Annotations

Branches:
Dungeon (4/15)
 Temple: D:4-7

Altars:
Ashenzari
Elyvilon


Message History

You slash the gnoll!
The gnoll is heavily wounded.
The gnoll barely misses you. The gnoll hits you with a +0 whip.
The gnoll hits you from afar with a +0 halberd.
You block the gnoll's attack. The gnoll hits you with a +0 whip.
You hit the gnoll.
You kill the gnoll!
You hit the gnoll.
The gnoll is almost dead.
The gnoll hits you with a +0 whip.
You closely miss the gnoll.
The gnoll is almost dead.
You hit the gnoll.
The gnoll is almost dead.
The gnoll hits you from afar with a +0 halberd.
The gnoll barely misses you.
You completely miss the gnoll.
The gnoll is almost dead.
The gnoll misses you. The gnoll barely misses you. x2
The gnoll hits you with a +0 whip.
You hit the gnoll.
You kill the gnoll!
The gnoll hits you but does no damage. The gnoll barely misses you.
You see here a +0 whip.
You closely miss the gnoll. The gnoll misses you.
You closely miss the gnoll. The gnoll barely misses you.
You barely miss the gnoll. The gnoll hits you with a +0 halberd.
* * * LOW HITPOINT WARNING * * *
You slash the gnoll!
The gnoll is severely wounded.
The gnoll closely misses you.
You hit the gnoll.
The gnoll is almost dead.
The gnoll closely misses you. The gnoll hits you with a +0 halberd!
* * * LOW HITPOINT WARNING * * *
You hit the gnoll but do no damage.
The gnoll is almost dead.
The gnoll hits you with a +0 halberd!
You die...

##...........
##..##.........
#.####......... .
### ##)........ .
#.......... #
#.......... #
#...............#..#
### #..g.......
...#...#
#.###..@.......
.......
##.###.........
......
##.##.........
#.....
##............
##.....
##.......#...##
#......
##........#####
#...... #.#...##...#
##.##...
##..####...##
##..###.. #.###
##...#####..## ##.


You could see a gnoll.

Vanquished Creatures
  A scorpion (D:4)
  A gnoll shaman (D:4)
  Robin (D:2)
  3 adders
  6 gnolls
  3 worms
  2 dart slugs
  3 orcs
  5 ball pythons
  2 endoplasms (D:1)
  6 giant cockroaches
  8 goblins
  9 hobgoblins
  3 jackals (D:2)
  2 quokkas (D:1)
  6 bats
  4 frilled lizards
  6 kobolds
  A rat (D:1)
72 creatures vanquished.

Notes
Turn   | Place    | Note
-------+----------+-------------------------------------------
     0 | D:1      | Armakuni the Human Monk began the quest for the Orb.
     0 | D:1      | Reached XP level 1. HP: 18/18 MP: 1/1
   351 | D:1      | Reached XP level 2. HP: 20/24 MP: 2/2
   939 | D:1      | Reached XP level 3. HP: 29/29 MP: 3/3
  1392 | D:2      | Reached XP level 4. HP: 27/37 MP: 4/4
  2526 | D:2      | Reached XP level 5. HP: 30/42 MP: 5/5
  2729 | D:2      | Noticed Robin
  2766 | D:2      | Killed Robin
  3562 | D:3      | Found a faded altar of an unknown god.
  3955 | D:4      | Found a broken altar of Ashenzari.
  3955 | D:4      | Found a white marble altar of Elyvilon.
  4001 | D:4      | Reached XP level 6. HP: 33/50 MP: 6/6
  4200 | D:4      | Reached skill level 5 in Fighting
  4200 | D:4      | Reached skill level 5 in Long Blades
  4283 | D:4      | Mangled by a gnoll

Illustrated notes

Levels and vault maps discovered:
D:1:      minmay_arrival_stone_box, layout_basic, minmay_small_reverse_x
D:2:      layout_basic, minivault_14, dk_vineyard_2, uniq_robin
D:3:      layout_loops_corners, ebering_ecumenical_altar_hall,
          minmay_tree_intersection
D:4:      layout_layer_cave, amethyst_overflow_temple_binary,
          gup_sewer_entry_spiral, uniq_eustachio

Skill      XL: |  1  2  3  4  5  6 |
---------------+-------------------+-----
Fighting       | 4 5 |  5.2
Long Blades    | 4 5 |  5.2
Dodging        | |  3.0
Stealth        | |  2.0

Action                   |  1- 3 |  4- 6 || total
-------------------------+-------+-------++-------
Melee: Falchion          |    69 |       ||    69
       Dagger            |    58 |   143 ||   201
       Unarmed           |     2 |       ||     2
       Long sword        |       |    67 ||    67
Throw: Boomerang         |       |     3 ||     3
  Use: Scroll            |     2 |     3 ||     5
       Potion            |     1 |     6 ||     7
 Stab: Sleeping          |     3 |     2 ||     5
Armor: Robe              |    21 |     2 ||    23
       Skin              |    52 |       ||    52
       Ring mail         |       |    24 ||    24
Dodge: Dodged            |    75 |    75 ||   150
Block: Other             |    29 |    29 ||    58

Table legend: (Time is in decaauts)
 A = Elapsed time spent in this place.
 B = Non-inter-level travel time spent in this place.
 C = Inter-level travel time spent in this place.
 D = Time resting spent in this place.
 E = Time spent auto-exploring this place.
 F = Levels seen in this place.
 G = Mean time per level.
                   A        B        C        D        E       F      G
               +--------+--------+--------+--------+--------+-----+--------+
         Total |   4204 |   4079 |    125 |    907 |   2331 |   4 | 1051.0 |
       Dungeon |   4204 |   4079 |    125 |    907 |   2331 |   4 | 1051.0 |
               +--------+--------+--------+--------+--------+-----+--------+

Top non-repeatable levels by time:
     D:1: 1573 daAuts
     D:2: 1340 daAuts
     D:3: 893 daAuts
     D:4: 396 daAuts
